 Dungeon Sprint DCSS version 0.18-b1-20-g17449fe (webtiles) character file.

1318 LORDOFBUTT the Severer (level 8, -11/74 HPs)
             Began as a Minotaur Berserker on May 3, 2016.
             Was a High Priest of Trog.
             Mangled by a two-headed ogre
             ... wielding a +0 giant club
              (25 damage)
             ... in the Dungeon (Sprint III: "The Ten Rune Challenge").
             The game lasted 00:02:06 (1572 turns).

LORDOFBUTT the Severer (Minotaur Berserker)         Turns: 1572, Time: 00:02:07

Health: -11/74     AC:  2    Str: 21    XL:     8   Next: 33%
Magic:  7/7        EV: 14    Int:  4    God:    Trog [*****.]
Gold:   23         SH:  0    Dex: 13    Spells: 0 memorised, 7 levels left

rFire  . . .     SeeInvis .     a - +0 hand axe
rCold  . . .     Gourm    .     b - +0 animal skin
rNeg   . . .     Faith    .     (no shield)
rPois  .         Spirit   .     (helmet restricted)
rElec  .         Dismiss  .     (no cloak)
rCorr  .         Reflect  .     (no gloves)
SustAt .         Harm     .     (no boots)
MR     .....     NoTele   +     (no amulet)
Stlth  ++........               (no ring)
                                (no ring)

@: not resistant to hostile enchantments, unstealthy
A: retaliatory headbutt, horns 2
a: Berserk, Trog's Hand, Brothers in Arms, Burn Spellbooks, Renounce Religion


You were in the Dungeon.
You worshipped Trog.
Trog was extremely pleased with you.
You were not hungry.

You visited 1 branch You collected 23 gold pieces.

Inventory:

Hand Weapons
 a - a +0 hand axe (weapon)
Armour
 b - a +0 animal skin (worn)
Scrolls
 i - a scroll of blinking
 k - a scroll of identify {unknown}
Potions
 d - a potion of curing
 e - a potion of heal wounds
 f - a potion of haste
 g - 2 potions of magic
 h - a potion of berserk rage
 j - a potion of cure mutation {unknown}


   Skills:
 * Level 8.2 Fighting
 - Level 18.4 Axes
 - Level 2.4 Armour
 * Level 5.0 Dodging
 + Level 3.1 Stealth


You had 7 spell levels left.
You didn't know any spells.

Dungeon Overview and Level Annotations

Branches:
Dungeon (1/1)

Altars:
Cheibriados
Dithmenos
Elyvilon
Fedhas
Gozag
Kikubaaqudgha
Makhleb
Nemelex Xobeh
Okawaru
Pakellas
Qazlal
Ru
Sif Muna
Trog
Vehumet
Xom
Yredelemnul
Zin
The Shining One
Jiyva
Lugonu


Innate Abilities, Weirdness & Mutations

You reflexively headbutt those who attack you in melee.
You have a pair of horns on your head.


Message History

Okay, then.
You hit the two-headed ogre. You headbutt the two-headed ogre!
The two-headed ogre is severely wounded.
You barely miss the two-headed ogre.
The two-headed ogre is lightly wounded.
The two-headed ogre hits you with a giant club!!
The two-headed ogre barely misses you. The two-headed ogre misses you.
The two-headed ogre hits you with a great mace!
* * * LOW HITPOINT WARNING * * *
You hit the two-headed ogre. You headbutt the two-headed ogre!
The two-headed ogre is almost dead.
You hit the two-headed ogre.
The two-headed ogre is moderately wounded.
You barely miss the two-headed ogre.
Your headbutt misses the two-headed ogre.
The two-headed ogre is almost dead.
You hit the two-headed ogre but do no damage.
The two-headed ogre is moderately wounded.
The two-headed ogre hits you with a giant club!!
You die...

.#___#__[#__#
.#.).#)÷.#._#
.###'#'###)##
.#..........#
.'.⌠........#
.#...######'#
.#.⌠.#__#...#+#### #
.#...#__#...#..O.#.#
.#)###__#...##.#@.#
.#)..#__#.).'##.#O#
.#___#__'...#...#..#
▓▓▓▓▓▓▓▓▓▓▓▓▓▓▓▓▓▓▓▓


You could see 2 two-headed ogres.

Vanquished Creatures
  A deep elf mage (D)
  A shadow (D)
  A spatial vortex (D)
  A necrophage (D)
  A two-headed ogre (D)
  A water elemental (D)
  A scorpion (D)
  A wizard (D)
  A jelly (D)
  Jessica (D)
  A necromancer (D)
  3 humans (D)
  A kobold demonologist (D)
  An ooze (D)
  A rat (D)
17 creatures vanquished.

Vanquished Creatures (others)
  2 draconian scorchers (D)
  2 yaktaurs (D)
  4 plants (D)
8 creatures vanquished.

Grand Total: 25 creatures vanquished

Notes
Turn   | Place    | Note
--------------------------------------------------------------
     0 | D        | LORDOFBUTT the Minotaur Berserker began the quest for the Orb.
     0 | D        | Reached XP level 1. HP: 19/19 MP: 0/0
     4 | D        | Reached skill level 5 in Axes
     4 | D        | Reached ** piety under Trog
     9 | D        | Noticed Jessica
    11 | D        | Killed Jessica
    11 | D        | Reached skill level 8 in Axes
    11 | D        | Reached XP level 2. HP: 22/26 MP: 1/1
    11 | D        | Reached XP level 3. HP: 27/31 MP: 2/2
    28 | D        | Noticed a scorpion
    38 | D        | Killed a scorpion
    38 | D        | Reached skill level 10 in Axes
    38 | D        | Reached XP level 4. HP: 17/39 MP: 3/3
    42 | D        | Reached *** piety under Trog
    42 | D        | Reached skill level 11 in Axes
   279 | D        | Noticed a water elemental
   279 | D        | Killed a white draconian scorcher
   284 | D        | Killed a water elemental
   284 | D        | Reached skill level 12 in Axes
   284 | D        | Reached XP level 5. HP: 45/45 MP: 4/4
   293 | D        | Found a radiant altar of Vehumet.
   293 | D        | Found a deep blue altar of Sif Muna.
   293 | D        | Found an ancient bone altar of Kikubaaqudgha.
   306 | D        | Reached skill level 13 in Axes
   308 | D        | Paralysed by a wizard for 2 turns
   326 | D        | Killed a yaktaur
   370 | D        | Found a glowing silver altar of Zin.
   370 | D        | Found a glowing golden altar of the Shining One.
   370 | D        | Found a white marble altar of Elyvilon.
   371 | D        | Noticed a deep elf mage
   376 | D        | Reached **** piety under Trog
   377 | D        | Killed a deep elf mage
   377 | D        | Reached skill level 17 in Axes
   377 | D        | Reached skill level 1 in Stealth
   377 | D        | Reached XP level 6. HP: 7/51 MP: 5/5
   377 | D        | Reached XP level 7. HP: 8/57 MP: 6/6
   381 | D        | Killed a white draconian scorcher
   639 | D        | Found an iron altar of Okawaru.
   639 | D        | Found a bloodstained altar of Trog.
   639 | D        | Noticed a human
   639 | D        | Noticed a human
   650 | D        | Killed a human
   650 | D        | Reached ***** piety under Trog
   651 | D        | Killed a human
   651 | D        | Reached skill level 18 in Axes
   999 | D        | Found a basalt altar of Yredelemnul.
   999 | D        | Found a snail-covered altar of Cheibriados.
   999 | D        | Found a blossoming altar of Fedhas.
  1008 | D        | Reached skill level 5 in Fighting
  1016 | D        | Noticed a shadow
  1027 | D        | Received a gift from Trog
  1029 | D        | Killed a yaktaur
  1030 | D        | Killed a shadow
  1030 | D        | Reached XP level 8. HP: 6/71 MP: 7/7
  1335 | D        | Found an oddly glowing altar of Pakellas.
  1335 | D        | Found a stormy altar of Qazlal.
  1335 | D        | Found a sacrificial altar of Ru.
  1335 | D        | Found a burning altar of Makhleb.
  1335 | D        | Found a shimmering altar of Xom.
  1336 | D        | Found a viscous altar of Jiyva.
  1336 | D        | Found a shadowy altar of Dithmenos.
  1336 | D        | Found a sparkling altar of Nemelex Xobeh.
  1336 | D        | Found a corrupted altar of Lugonu.
  1336 | D        | Found an opulent altar of Gozag.
  1566 | D        | Reached skill level 5 in Dodging
  1572 | D        | Mangled by a two-headed ogre

Skill      XL: |  1  2  3  4  5  6  7  8 |
---------------+-------------------------+-----
Axes           | 8 10 12 17 18 | 18.4
Stealth        | 1 2 3 |  3.1
Fighting       | 6 8 |  8.2
Dodging        | 4 5 |  5.0
Armour         | |  2.4

Action                   |  1- 3 |  4- 6 |  7- 9 || total
-------------------------+-------+-------+-------++-------
Melee: Hand axe          |    10 |    18 |    50 ||    78
       Headbutt          |     3 |     1 |     8 ||    12
Invok: Berserk           |       |     1 |     2 ||     3
       Burn Spellbooks   |       |     1 |       ||     1
  Use: Potion            |       |       |     1 ||     1
 Stab: Sleeping          |       |       |     1 ||     1
  Eat: Bread ration      |       |       |     1 ||     1
       Royal jelly       |       |       |     1 ||     1
Armor: Animal skin       |       |     2 |     1 ||     3
Dodge: Dodged            |     3 |    11 |    22 ||    36
